 Dungeon Crawl Stone Soup version 0.31-a0-162-gc4c5a43528 (webtiles) character file.

Game seed: 15234939989333711160

3600 qw the Blocker (level 10, -6/60 HPs)
             Began as a Gargoyle Fighter on June 12, 2023.
             Mangled by a death yak (8 damage)
             ... on level 8 of the Dungeon.
             The game lasted 00:03:36 (7312 turns).

qw the Blocker (Gargoyle Fighter)                   Turns: 7312, Time: 00:03:37

Health: -6/60      AC: 30    Str: 24      XL:     10   Next: 10%
Magic:  10/10      EV:  5    Int: 12      God:
Gold:   20         SH: 14    Dex:  7 (9)  Spells: 9/9 levels left

rFire   . . .        a - +5 war axe (vamp)
rCold   . . .        h - +0 tower shield
rNeg    + . .        t - +4 plate armour
rPois   inf          u - +2 helmet {Int+3}
rElec   +            (no cloak)
rCorr   .            (no gloves)
SInv    +            (no boots)
Will    .....        (no amulet) Stlth
                     i - ring of see invisible
HPRegen 0.30/turn    p - +4 ring of protection
MPRegen 0.12/turn

%: no passive effects
@: no status effects
A: sickness immunity, AC +7, negative energy resistance 1, electricity
resistance, torment resistance 1, petrification resistance
a: no special abilities


You were on level 8 of the Dungeon.
You visited 2 branches of the dungeon, and saw 9 of its levels.

You collected 258 gold pieces.
You spent 238 gold pieces at shops.


Innate Abilities, Weirdness & Mutations

You are immune to sickness and miasma.
Your stone body is resilient. (AC +7)
You are immune to poison.
You resist negative energy. (rN+)
You are resistant to electric shocks. (rElec)
You are resistant to unholy torment.
You are immune to petrification.


   Skills:
 - Level 6.1 Fighting
 - Level 8.1 Axes
 + Level 4.5 Armour
 - Level 1.1 Dodging
 - Level 11.0 Shields


You had 9 spell levels left.
You didn't know any spells.
Your spell library was empty.

Inventory:

Hand Weapons
 a - a +5 vampiric war axe (weapon)
 g - a +0 hand axe
 r - a +0 morningstar
Armour
 h - a +0 tower shield (worn)
 t - a +4 plate armour (worn)
 u - a +2 helmet of intelligence (worn)
Jewellery
 i - a ring of see invisible (left hand)
 p - a +4 ring of protection (right hand)
Wands
 n - a wand of digging (12)
Scrolls
 b - a scroll of identify
Potions
 c - a potion of lignification
 d - 2 potions of might
 e - a potion of resistance
 f - 3 potions of curing
 j - a potion of ambrosia {unknown}
 m - a potion of mutation {unknown}
 o - a potion of cancellation {unknown}
 s - a potion of berserk rage {unknown}
 x - a potion of brilliance {unknown}

Dungeon Overview and Level Annotations

Branches:
Dungeon (8/15)             Temple (1/1) D:5
   Lair: D:8-11

Altars:
Cheibriados
Dithmenos
Elyvilon
Fedhas
Gozag
Hepliaklqana
Kikubaaqudgha
Makhleb
Nemelex Xobeh
Qazlal
Ru
Sif Muna
Trog
Uskayaw
Vehumet
Wu Jian
Yredelemnul
Zin
The Shining One

Shops:
D:4 !:(=   D:7 ?

Annotations:
D:2 1 runed translucent door, Crazy Yiuf
D:3 2 transporters, qw's ghost, amateur MiHu
D:7 3 runed translucent doors, qw's ghost, novice MiHu


Message History

You hit the death yak but do no damage. You hit the death yak.
You feel better. You block the death yak's attack. x2
The death yak snorts and paws the ground.
You block the death yak's attack.
You barely miss the death yak.
The death yak is almost dead.
You hit the death yak but do no damage. You barely miss the death yak.
The death yak gores you but does no damage.
The death yak gores you! You block the death yak's attack.
You hit the death yak.
The death yak is almost dead.
You hit the death yak.
You feel better.
You barely miss the death yak.
The death yak gores you. x2; The death yak gores you! x2
The death yak gores you but does no damage.
The death yak gores you.
The death yak gores you but does no damage.
7309 ||| DRINKING potion of heal wounds.
You feel much better.
The death yak gores you but does no damage.
You block the death yak's attack. The death yak barely misses you.
The death yak gores you.
You slash the death yak!
You feel better.
The death yak is almost dead.
You hit the death yak. You hit the death yak but do no damage.
You hit the death yak.
You feel better.
You block the death yak's attack. x3; The death yak gores you!
You hit the death yak but do no damage.
The death yak is almost dead.
You hit the death yak. x2; You feel better.
You hit the death yak but do no damage.
The death yak gores you but does no damage. x2
The death yak gores you.
The death yak gores you but does no damage.
You hit the death yak but do no damage.
The death yak is almost dead.
You hit the death yak. x2; You feel better.
You hit the death yak.
You feel better.
The death yak gores you but does no damage.
You block the death yak's attack. The death yak gores you! x2
You die...

#.. #.....# #
... ....#+##
#. #.# #### .
#.# #####
#.#.##.....
..#.##..... ..
..........
....###YY...#
#....YY@....#
..#
....#.#Y....##
#.# . ..
#......#
#...#.## ...
#......#
#...#... .[.
#.####.#
#...#... ..
#.# #.#
#...#... . #.#
#.# #...#...
#.# #.#
#...#... #.#
#.# #...#.##


You could see 5 death yaks.

Vanquished Creatures
  Prince Ribbit (D:7)
  Sigmund (D:2)
  A wyvern (D:7)
  A steam dragon (D:8)
  Menkaure (D:7)
  4 water moccasins
  Duvessa (D:7)
  2 orc warriors
  3 black bears
  A sky beast (D:6)
  An ogre (D:6)
  2 centaurs
  2 phantoms
  A bullfrog (D:7)
  A gnoll sergeant (D:7)
  2 scorpions
  5 wights (D:7)
  Dowan (D:7)
  6 killer bees (D:6)
  3 jellies
  2 orc priests
  A sleepcap (D:6)
  3 iguanas
  3 orc wizards
  Robin (D:2)
  6 gnolls
  5 adders
  A shadow imp (D:7)
  An ufetubus (D:6)
  5 worms (D:2)
  4 dart slugs
  20 orcs
  12 ball pythons
  7 bats
  5 endoplasms
  A giant cockroach (D:2)
  8 hobgoblins
  A jackal (D:1)
  3 quokkas
  4 frilled lizards
  10 goblins
  8 kobolds
  7 rats
158 creatures vanquished.

Notes
Turn   | Place    | Note
-------+----------+-------------------------------------------
     0 | D:1      | qw the Gargoyle Fighter began the quest for the Orb.
     0 | D:1      | Reached XP level 1. HP: 14/14 MP: 1/1
     0 | D:1      | 0 ||| qw: Version: 0.2-a-29-gc1b59c4
     0 | D:1      | 0 ||| qw: Game counter: 4309
     0 | D:1      | 0 ||| qw: Always use a shield: true
     0 | D:1      | 0 ||| qw: God list: Okawaru
     0 | D:1      | 0 ||| qw: Allow faded altars: false
     0 | D:1      | 0 ||| qw: Do Orc after D:15 true
     0 | D:1      | 0 ||| qw: Do second Lair branch before Depths: true
     0 | D:1      | 0 ||| qw: Lair rune preference: random
     0 | D:1      | 0 ||| qw: Plans: Normal, Zot:1-4, Slime:5, God:TSO, Crypt,
                  | Tomb, Abyss, Pan, Hells, Win
     0 | D:1      | 0 ||| PLANNING D:1-11
    14 | D:1      | 14 ||| Stepping ~*~*~tactically~*~*~ (hiding).
    16 | D:1      | 16 ||| Stepping ~*~*~tactically~*~*~ (hiding).
    17 | D:1      | 17 ||| Stepping ~*~*~tactically~*~*~ (hiding).
    39 | D:1      | 39 ||| FLEEEEING.
    40 | D:1      | 40 ||| FLEEEEING.
    41 | D:1      | 41 ||| FLEEEEING.
    42 | D:1      | 42 ||| FLEEEEING.
    43 | D:1      | 43 ||| FLEEEEING.
   109 | D:1      | Reached XP level 2. HP: 15/19 MP: 2/2
   193 | D:1      | 193 ||| Stepping ~*~*~tactically~*~*~ (hiding).
   235 | D:1      | 235 ||| Stepping ~*~*~tactically~*~*~ (stealth).
   237 | D:1      | 237 ||| Stepping ~*~*~tactically~*~*~ (hiding).
   282 | D:1      | 282 ||| Stepping ~*~*~tactically~*~*~ (stealth).
   304 | D:1      | 304 ||| Stepping ~*~*~tactically~*~*~ (stealth).
   412 | D:1      | Reached skill level 3 in Axes
   430 | D:1      | Reached XP level 3. HP: 23/23 MP: 3/3
   439 | D:1      | 439 ||| Stepping ~*~*~tactically~*~*~ (stealth).
   441 | D:1      | 441 ||| Stepping ~*~*~tactically~*~*~ (stealth).
   461 | D:1      | 461 ||| Stepping ~*~*~tactically~*~*~ (stealth).
   472 | D:1      | 472 ||| Stepping ~*~*~tactically~*~*~ (stealth).
   758 | D:1      | 758 ||| UPGRADING to +0 tower shield.
   768 | D:1      | 768 ||| DROPPING +0 buckler.
   769 | D:1      | 769 ||| UPGRADING to ring of see invisible.
   770 | D:1      | 770 ||| READING 3 scrolls labelled IJEREM IKHLIX.
   771 | D:1      | 771 ||| DROPPING 2 scrolls of vulnerability.
   983 | D:2      | 983 ||| Stepping ~*~*~tactically~*~*~ (hiding).
   985 | D:2      | 985 ||| Stepping ~*~*~tactically~*~*~ (hiding).
   989 | D:2      | Noticed Robin
  1004 | D:2      | Killed Robin
  1005 | D:2      | Reached XP level 4. HP: 17/28 MP: 4/4
  1008 | D:2      | Reached skill level 4 in Shields
  1322 | D:2      | Found a runed translucent door.
  1323 | D:2      | Noticed Crazy Yiuf
  1402 | D:2      | Noticed Sigmund
  1415 | D:2      | Killed Sigmund
  1416 | D:2      | Reached skill level 6 in Shields
  1416 | D:2      | Reached XP level 5. HP: 19/32 MP: 5/5
  1416 | D:2      | Reached XP level 6. HP: 22/37 MP: 6/6
  1895 | D:2      | 1895 ||| UPGRADING to +0 plate armour.
  1905 | D:2      | 1905 ||| DROPPING +0 scale mail.
  1906 | D:2      | 1906 ||| UPGRADING to +0 helmet.
  1911 | D:2      | 1911 ||| READING scroll labelled TEUSIL QELE.
  1912 | D:2      | 1912 ||| READING scroll labelled JITRETE OD ASON.
  2013 | D:2      | 2013 ||| READING scroll labelled OSAB DEESCHATS.
  2014 | D:2      | 2014 ||| READING scroll labelled ORELIG OGG.
  2015 | D:2      | 2015 ||| DRINKING 2 fizzy grey potions.
  2061 | D:3      | 2061 ||| FLEEEEING.
  2304 | D:3      | Found a transporter.
  2307 | D:3      | Noticed qw's ghost (amateur MiHu)
  2480 | D:3      | Found a transporter.
  2557 | D:3      | 2557 ||| READING scroll labelled PODITA BOFU.
  2558 | D:3      | 2558 ||| READING scroll labelled FIUJIS FYODI.
  2559 | D:3      | 2559 ||| READING 3 scrolls of identify.
  2559 | D:3      | 2559 ||| IDENTIFYING fizzy orange potion
  2560 | D:3      | 2560 ||| READING 2 scrolls of identify.
  2560 | D:3      | 2560 ||| IDENTIFYING golden potion
  2585 | D:4      | 2585 ||| STAIRDANCE
  2725 | D:4      | Found Kosiab's Antique Weapon Shop.
  2730 | D:4      | 2730 ||| SHOPLISTING glowing mace (162 gold, have 123).
  2782 | D:4      | Reached skill level 7 in Shields
  2813 | D:4      | 2813 ||| DROPPING +0 club.
  2825 | D:4      | 2825 ||| Stepping ~*~*~tactically~*~*~ (stealth).
  2856 | D:4      | 2856 ||| DROPPING +0 whip.
  2954 | D:4      | Noticed a black bear
  2956 | D:4      | Found Apliwkuji's Book Boutique.
  2962 | D:4      | Killed a black bear
  2963 | D:4      | Reached XP level 7. HP: 37/41 MP: 7/7
  2994 | D:4      | Found Gaapadgh's Distillery.
  3003 | D:4      | 3003 ||| Stepping ~*~*~tactically~*~*~ (hiding).
  3004 | D:4      | 3004 ||| Stepping ~*~*~tactically~*~*~ (hiding).
  3261 | D:4      | Found Dewiqim's Jewellery Shoppe.
  3269 | D:4      | 3269 ||| SHOPLISTING +4 ring of slaying (1092 gold, have
                  | 141).
  3269 | D:4      | 3269 ||| SHOPLISTING +5 ring of evasion (504 gold, have
                  | 141).
  3269 | D:4      | 3269 ||| SHOPLISTING +6 ring of dexterity (504 gold, have
                  | 141).
  3269 | D:4      | 3269 ||| SHOPLISTING ring of fire (350 gold, have 141).
  3269 | D:4      | 3269 ||| SHOPLISTING ring of resist corrosion (280 gold,
                  | have 141).
  3269 | D:4      | 3269 ||| SHOPLISTING ring of see invisible (210 gold, have
                  | 141).
  3451 | D:4      | 3451 ||| DROPPING +2 flail of protection.
  3493 | D:4      | 3493 ||| READING scroll labelled DACUWAZETZ.
  3494 | D:4      | 3494 ||| READING 2 scrolls labelled WORIS XOIDITZ.
  3495 | D:4      | 3495 ||| READING 2 scrolls of identify.
  3495 | D:4      | 3495 ||| IDENTIFYING viscous green potion
  3496 | D:4      | 3496 ||| DROPPING scroll of amnesia.
  3509 | D:5      | Entered Level 5 of the Dungeon
  3680 | D:5      | Found a staircase to the Ecumenical Temple.
  3681 | D:5      | 3681 ||| PLANNING TEMPLE
  3700 | Temple   | Entered the Ecumenical Temple
  3924 | Temple   | 3924 ||| PLANNING D:1-11
  4040 | D:5      | 4040 ||| Stepping ~*~*~tactically~*~*~ (stealth).
  4241 | D:5      | Found a hide-covered altar of Uskayaw.
  4384 | D:5      | 4384 ||| READING scroll labelled KOEFRO QEEWKATS.
  4426 | D:6      | Reached skill level 8 in Shields
  4581 | D:6      | 4581 ||| Stepping ~*~*~tactically~*~*~ (hiding).
  4584 | D:6      | Reached XP level 8. HP: 46/46 MP: 8/8
  4597 | D:6      | 4597 ||| Stepping ~*~*~tactically~*~*~ (stealth).
  4680 | D:6      | Noticed Prince Ribbit
  4875 | D:6      | 4875 ||| Stepping ~*~*~tactically~*~*~ (stealth).
  4895 | D:6      | 4895 ||| Stepping ~*~*~tactically~*~*~ (stealth).
  4920 | D:6      | 4920 ||| Stepping ~*~*~tactically~*~*~ (stealth).
  4940 | D:6      | Reached skill level 9 in Shields
  4991 | D:6      | 4991 ||| Stepping ~*~*~tactically~*~*~ (stealth).
  5046 | D:6      | 5046 ||| READING scroll of enchant weapon.
  5046 | D:6      | 5046 ||| ENCHANTING +1 war axe.
  5082 | D:6      | Found a glowing silver altar of Zin.
  5090 | D:6      | 5090 ||| Stepping ~*~*~tactically~*~*~ (stealth).
  5356 | D:6      | Reached skill level 6 in Axes
  5564 | D:6      | Found a snail-covered altar of Cheibriados.
  5565 | D:6      | 5565 ||| UPGRADING to +4 plate armour.
  5575 | D:6      | 5575 ||| DROPPING +0 plate armour.
  5576 | D:6      | 5576 ||| UPGRADING to +4 ring of protection.
  5594 | D:7      | 5594 ||| Stepping ~*~*~tactically~*~*~ (hiding).
  5663 | D:7      | 5663 ||| Stepping ~*~*~tactically~*~*~ (stealth).
  5664 | D:7      | 5664 ||| Stepping ~*~*~tactically~*~*~ (stealth).
  5675 | D:7      | Reached skill level 10 in Shields
  5675 | D:7      | Reached XP level 9. HP: 51/52 MP: 9/9
  5686 | D:7      | 5686 ||| Stepping ~*~*~tactically~*~*~ (stealth).
  5721 | D:7      | 5721 ||| FLEEEEING.
  5722 | D:7      | 5722 ||| STAIRDANCE
  5745 | D:7      | Killed Prince Ribbit
  5841 | D:7      | Reached skill level 1 in Dodging
  5867 | D:7      | Found Qomouthro's Magic Scroll Shoppe.
  5918 | D:7      | 5918 ||| SWAPPING to +4 war axe of freezing.
  5919 | D:7      | 5919 ||| DROPPING +2 war axe.
  5937 | D:7      | 5937 ||| BUYING scroll of brand weapon (133 gold).
  5937 | D:7      | Bought a scroll of brand weapon for 133 gold pieces
  5937 | D:7      | 5937 ||| BUYING scroll of enchant weapon (105 gold).
  5937 | D:7      | Bought a scroll of enchant weapon for 105 gold pieces
  5937 | D:7      | 5937 ||| SHOPLISTING scroll of identify (28 gold, have 20).
  5937 | D:7      | 5937 ||| READING scroll of brand weapon.
  5937 | D:7      | 5937 ||| BRANDING +4 war axe of freezing.
  5938 | D:7      | 5938 ||| READING scroll of enchant weapon.
  5938 | D:7      | 5938 ||| ENCHANTING +4 war axe of protection.
  6123 | D:7      | 6123 ||| READING scroll of brand weapon.
  6123 | D:7      | 6123 ||| BRANDING +5 war axe of protection.
  6216 | D:7      | Noticed Duvessa
  6228 | D:7      | Killed Duvessa
  6229 | D:7      | Noticed Dowan
  6236 | D:7      | Noticed qw's ghost (novice MiHu)
  6242 | D:7      | Killed Dowan
  6315 | D:7      | Found a runed translucent gate.
  6315 | D:7      | Found a runed translucent gate.
  6315 | D:7      | Found a runed translucent gate.
  6763 | D:7      | Noticed Menkaure
  6769 | D:7      | Killed Menkaure
  6885 | D:7      | 6885 ||| UPGRADING to +2 helmet of intelligence.
  6895 | D:7      | 6895 ||| DROPPING +0 helmet.
  6896 | D:7      | 6896 ||| READING scroll labelled QUGOSS OVVIRR.
  6934 | D:7      | 6934 ||| READING scroll labelled TORUEXITAF.
  6935 | D:7      | 6935 ||| DRINKING 2 amethyst potions.
  6936 | D:7      | 6936 ||| READING 2 scrolls of identify.
  6936 | D:7      | 6936 ||| IDENTIFYING glowing pink potion
  6937 | D:7      | 6937 ||| DROPPING potion of enlightenment.
  6938 | D:7      | 6938 ||| DROPPING potion of degeneration.
  6992 | D:8      | Found a radiant altar of Vehumet.
  7066 | D:8      | 7066 ||| Stepping ~*~*~tactically~*~*~ (hiding).
  7074 | D:8      | Reached skill level 11 in Shields
  7074 | D:8      | Reached XP level 10. HP: 59/59 MP: 10/10
  7228 | D:8      | Reached skill level 6 in Fighting
  7292 | D:8      | Noticed a death yak
  7298 | D:8      | Noticed a death yak
  7298 | D:8      | Noticed a death yak
  7299 | D:8      | Noticed a death yak
  7301 | D:8      | Noticed a death yak
  7308 | D:8      | HP: 12/60 [death yak (7)]
  7309 | D:8      | 7309 ||| DRINKING potion of heal wounds.
  7312 | D:8      | HP: 2/60 [death yak (16)]
  7312 | D:8      | Mangled by a death yak

Levels and vault maps discovered:
D:1:      eino_arrival_water_star, layout_loops_cross, minmay_indecisive_spiral
D:2:      layout_loops_corners, minmay_tetromino_o2, uniq_robin, uniq_sigmund,
          uniq_crazy_yiuf_cottage
D:3:      layout_basic, gammafunk_ghost_mausoleum
D:4:      layout_loops_ring, serial_shops, nicolae_shop_tiny_statue_garden,
          nicolae_shop_statue_plus, nicolae_shop_tiny_waterfront, shop,
          dreamdust_mushroom_princess
D:5:      layout_loops_ring, kennysheep_little_box,
          minmay_temple_entry_butterflies
D:6:      layout_cave_pools, zin_academy, lemuel_coloured_pillars_altar,
          serial_column_ruins, column_ruins_columns_straight,
          column_ruins_open_small, column_ruins_open_small,
          column_ruins_open_tiny_water, column_ruins_columns_corner,
          column_ruins_columns_plus, kennysheep_decorative_pillar,
          uniq_prince_ribbit1
D:7:      layout_cave_pods, serial_shops, shop, gammafunk_ghost_icy,
          uniq_duvessa, uniq_menkaure
D:8:      layout_basic, mainiacjoe_overflow_small_starburst,
          kennysheep_okawaru_gauntlet, dpeg_lair_monsters, special_room
          [special_room_kobold], dk_rats_in_the_wall
Temple:   regret_index_temple_generic_petals

Skill      XL: |  1  2  3  4  5  6  7  8  9 10 |
---------------+-------------------------------+-----
Axes           | 2 3 4 6 8 |  8.1
Shields        | 6 7 8 10 11 | 11.0
Fighting       | 4 5 6 |  6.1
Dodging        | 1 |  1.1
Armour         | 4 |  4.5

Action                     |  1- 3 |  4- 6 |  7- 9 | 10-12 || total
---------------------------+-------+-------+-------+-------++-------
  Melee: War axe           |   100 |   144 |   312 |    60 ||   616
    Use: Scroll            |     1 |     8 |    11 |       ||    20
         Potion            |       |     1 |     1 |     1 ||     3
 Armour: Scale mail        |    47 |    25 |       |       ||    72
         Plate armour      |       |    37 |   217 |    39 ||   293
  Dodge: Dodged            |    33 |    23 |    52 |    16 ||   124
  Block: Buckler           |    13 |       |       |       ||    13
         Tower shield      |    24 |    96 |   309 |    38 ||   467

Table legend:
 A = Non-vault XP
 B = Vault XP
 C = Vault XP percentage of total XP
 D = Non-vault monster count
 E = Vault monster count
 F = Vault count percentage of total count
                 A         B        C        D         E       F
            +---------+---------+-------+---------+---------+-------
      Total |    4225 |     919 |  17.9 |     136 |      22 |  13.9
            +---------+---------+-------+---------+---------+-------
        D:1 |      54 |       5 |   8.5 |      31 |       4 |  11.4
        D:2 |      46 |     264 |  85.2 |      14 |      14 |  50.0
        D:3 |      62 |       0 |   0.0 |      10 |       0 |   0.0
        D:4 |     353 |       0 |   0.0 |      14 |       0 |   0.0
        D:5 |     153 |       0 |   0.0 |       4 |       0 |   0.0
        D:6 |    1300 |       0 |   0.0 |      27 |       0 |   0.0
        D:7 |    1466 |     650 |  30.7 |      22 |       4 |  15.4
        D:8 |     791 |       0 |   0.0 |      14 |       0 |   0.0
            +---------+---------+-------+---------+---------+-------
